TROIS-RIVIERES DRAVEURS vs LIMOILOU WOLF PACK

Created - 23 octobre 2025 at 21:01

Goals
1 2 3 T
TROIS-RIVIERES DRAVEURS 2 1 0 3
LIMOILOU WOLF PACK 0 0 0 0
Shots
1 2 3 T
TROIS-RIVIERES DRAVEURS 13 20 9 42
LIMOILOU WOLF PACK 9 15 8 32

1st period

1. TROIS-RIVIERES DRAVEURS , Zachary Bolduc 7 (Nate Danielson 2) at 8:32
2. TROIS-RIVIERES DRAVEURS , Rasmus Kupari 7 (Zachary Bolduc 8, Nate Danielson 3) at 8:44

Penalties :
Conor Geekie (TRV) for Hooking (Minor) at 1:44, Henri Nikkanen (TRV) for Hooking (Minor) at 11:16, Vincent Sevigny (LIM) for Hooking (Minor) at 19:56

2nd period

3. TROIS-RIVIERES DRAVEURS , Hendrix Lapierre 3 (Conor Geekie 3, Jimmy Snuggerud 3) at 3:04

Penalties :
Akil Thomas (LIM) for Roughing (Minor) at 7:57, Ryan O'Rourke (TRV) for Cross-checking (Minor) at 18:14

3rd period

No Goal

Penalties :
Nicolas Deslauriers (LIM) for Boarding (Minor) at 11:25, Nicolas Aube-Kubel (LIM) for Elbowing (Minor) at 14:17, Corson Ceulemans (TRV) for Holding (Minor) at 14:17, Chad Ruhwedel (LIM) for Tripping (Minor) at 19:32

Goalie Stats

Dustin Tokarski (TRV), 32 saves from 32 shots - (1,000), W, 3-3-0, 60:00 minutes
Anton Forsberg (LIM), 39 saves from 42 shots - (0,929), L, 1-3-1, 60:00 minutes

Players Stats for TROIS-RIVIERES DRAVEURS

Player Name              G  A  P  +/- PIM S  H  SB GA TA FO     MP     PP MP  PK MP  
------------------------------------------------------------------------------------
Cedric Pare              0  0  0   0  0   1  1  0  0  0  0/1     4:50   0:00   2:37 
Chaz Lucius              0  0  0   0  0   0  0  0  0  0  0/0     0:00   0:00   0:00 
Clark Bishop             0  0  0   1  0   1  0  0  0  0  3/13   15:07   3:30   3:13 
Conor Geekie             0  1  1   1  2   10 4  1  0  0  7/8    25:13   2:54   1:46 
Corson Ceulemans         0  0  0   3  2   1  1  2  0  0  0/0    25:38   2:22   2:15 
David Jiricek            0  0  0   0  0   1  1  1  0  0  0/0    24:13   2:22   2:50 
David Reinbacher         0  0  0   0  0   1  0  2  0  0  0/0    14:02   0:00   1:25 
Hendrix Lapierre         1  0  1   1  0   2  0  0  0  0  6/19   17:51   0:00   0:00 
Henri Nikkanen           0  0  0   0  2   0  5  0  0  0  4/10   15:12   3:21   2:10 
Jagger Firkus            0  0  0   0  0   1  0  0  0  0  0/0     2:47   0:00   0:00 
Jimmy Snuggerud          0  1  1   1  0   4  1  0  0  0  0/3    18:54   0:00   0:17 
Nate Danielson           0  2  2   2  0   2  2  0  0  0  0/0    25:09   3:30   0:00 
Oliver Moore             0  0  0   0  0   0  0  0  0  0  0/0     0:00   0:00   0:00 
Rasmus Kupari            1  0  1   1  0   8  1  0  0  0  0/0    21:10   2:54   0:00 
Ryan Chesley             0  0  0   0  0   0  0  0  0  0  0/0     4:52   0:00   0:18 
Ryan O'Rourke            0  0  0   3  2   2  2  0  0  0  0/0    24:07   4:02   2:07 
Tyler Wotherspoon        0  0  0   0  0   2  1  2  0  0  0/0    27:06   4:02   2:59 
Zachary Bolduc           1  1  2   2  0   6  3  2  0  0  13/42  25:49   3:03   1:51 

Players Stats for LIMOILOU WOLF PACK

Player Name              G  A  P  +/- PIM S  H  SB GA TA FO     MP     PP MP  PK MP  
------------------------------------------------------------------------------------
Aidan Fulp               0  0  0   0  0   0  0  0  0  0  0/0    18:22   2:48   3:07 
Akil Thomas              0  0  0  -1  2   7  0  2  0  0  0/1    16:28   3:22   2:04 
Alex Suzdalev            0  0  0   0  0   0  0  0  0  0  2/2     6:48   0:22   0:15 
Brendan Brisson          0  0  0   0  0   4  1  0  0  0  0/1     7:10   0:00   0:00 
Cam McDonald             0  0  0  -1  0   1  0  2  0  0  0/0     7:40   0:00   0:28 
Chad Ruhwedel            0  0  0   0  2   2  2  2  0  0  0/0    21:24   3:09   3:09 
Charlie Wright           0  0  0  -2  0   0  0  1  0  0  0/0    12:53   0:00   0:00 
Colton Dach              0  0  0  -1  0   4  2  0  0  0  1/2    16:21   0:00   0:00 
Dominik Shine            0  0  0  -1  0   1  2  0  0  0  0/0    13:53   0:00   1:04 
Jackson van de Leest     0  0  0  -2  0   0  4  1  0  0  0/0    13:21   0:00   0:28 
Jacob Perreault          0  0  0  -1  0   2  0  0  0  0  17/21  17:20   2:35   0:00 
Jeff Malott              0  0  0  -2  0   2  1  1  0  0  13/27  24:12   3:00   3:04 
Nicolas Aube-Kubel       0  0  0  -1  2   3  0  0  0  0  1/1    18:14   2:35   0:00 
Nicolas Deslauriers      0  0  0   0  2   1  2  1  0  0  0/0    17:33   2:48   2:19 
Oskar Pettersson         0  0  0  -1  0   1  0  0  0  0  14/18  24:20   3:22   2:45 
Philippe Daoust          0  0  0  -1  0   4  0  0  0  0  15/23  26:49   2:35   3:36 
Sebastien Aho            0  0  0   0  0   0  1  0  0  0  0/0    21:33   3:09   3:17 
Vincent Sevigny          0  0  0  -1  2   0  2  2  0  0  0/0     7:11   0:00   0:00 

3 Stars

1 - Dustin Tokarski (TRV)
2 - Zachary Bolduc (TRV)
3 - Nate Danielson (TRV)

Power Play

TROIS-RIVIERES DRAVEURS - 0 on 4 Attempt(s) - 0,00%
LIMOILOU WOLF PACK - 0 on 3 Attempt(s) - 0,00%

Penalty Kill

TROIS-RIVIERES DRAVEURS - 3 on 3 Attempt(s) - 100,00% - Score 0 goal in Penalty Kill
LIMOILOU WOLF PACK - 4 on 4 Attempt(s) - 100,00% - Score 0 goal in Penalty Kill

Team Stat

TROIS-RIVIERES DRAVEURS - Hits : 22 - Faceoff Wins : 33 - Blocked Shots : 10 - Penalty Minutes : 8
LIMOILOU WOLF PACK - Hits : 17 - Faceoff Wins : 63 - Blocked Shots : 12 - Penalty Minutes : 10

Official

Referees : Jon McIsaac and Chris Lee
Linesman : Steve Barton and Brian Murphy

Game Notes

No Game Note

TROIS-RIVIERES DRAVEURS

5 vs 5 Forward 
   Center                   Left Wing                Right Wing               Time % Phy DF OF 
 1 Zachary Bolduc           Rasmus Kupari            Nate Danielson           30     1   2  2  
 2 Hendrix Lapierre         Jimmy Snuggerud          Conor Geekie             30     1   2  2  
 3 Zachary Bolduc           Conor Geekie             Nate Danielson           30     1   2  2  
 4 Clark Bishop             Conor Geekie             Rasmus Kupari            10     1   2  2  

5 vs 5 Defense 
   Defense                  Defense                                           Time % Phy DF OF 
 1 Tyler Wotherspoon        David Jiricek                                     30     1   2  2  
 2 Ryan O'Rourke            Corson Ceulemans                                  30     1   2  2  
 3 Corson Ceulemans         David Jiricek                                     30     1   2  2  
 4 Corson Ceulemans         David Reinbacher                                  10     1   2  2  

PowerPlay Forward 
   Center                   Left Wing                Right Wing               Time % Phy DF OF 
 1 Zachary Bolduc           Clark Bishop             Nate Danielson           55     1   2  2  
 2 Conor Geekie             Rasmus Kupari            Henri Nikkanen           45     1   2  2  

PowerPlay Defense
   Defense                  Defense                                           Time % Phy DF OF 
 1 Corson Ceulemans         David Jiricek                                     55     1   2  2  
 2 Tyler Wotherspoon        Ryan O'Rourke                                     45     1   2  2  

Penalty Kill 4 Players Forward 
   Center                   Wing                     Time % Phy DF OF 
 1 Henri Nikkanen           Conor Geekie             55     1   2  2  
 2 Clark Bishop             Zachary Bolduc           45     1   2  2  

Penalty Kill 4 Players Defense
   Defense                  Defense                  Time % Phy DF OF 
 1 Tyler Wotherspoon        David Jiricek            55     1   2  2  
 2 Corson Ceulemans         Ryan O'Rourke            45     1   2  2  

Penalty Kill - 3 Players Forward 
   Forward                                           Time % Phy DF OF 
 1 Clark Bishop                                      55     1   2  2  
 2 Conor Geekie                                      45     1   2  2  

Penalty Kill - 3 Players Defense
   Defense                  Defense                  Time % Phy DF OF 
 1 Tyler Wotherspoon        David Jiricek            55     1   2  2  
 2 Corson Ceulemans         Ryan O'Rourke            45     1   2  2  

4 vs 4 Forward 
   Center                   Wing                     Time % Phy DF OF 
 1 Conor Geekie             Clark Bishop             55     1   2  2  
 2 Henri Nikkanen           Zachary Bolduc           45     1   2  2  

4 vs 4 Defense
   Defense                  Defense                  Time % Phy DF OF 
 1 Corson Ceulemans         Ryan O'Rourke            55     1   2  2  
 2 David Reinbacher         David Jiricek            45     1   2  2  

Last Minutes Offensive
   Center                   Left Wing                Right Wing               Defense                  Defense                  
   Zachary Bolduc           Conor Geekie             Rasmus Kupari            Tyler Wotherspoon        David Jiricek            

Last Minutes Defensive
   Center                   Left Wing                Right Wing               Defense                  Defense                  
   Zachary Bolduc           Conor Geekie             Rasmus Kupari            Tyler Wotherspoon        David Jiricek            

Goaltenders
Starting : Dustin Tokarski          
Backup : Jesper Wallstedt         

Extra Forwards
Normal : Henri Nikkanen, Conor Geekie, Clark Bishop - PP : Henri Nikkanen, Clark Bishop - PK : Clark Bishop
Extra Defensemen
Normal : Corson Ceulemans, Tyler Wotherspoon, David Jiricek - PP : Corson Ceulemans - PK : Corson Ceulemans, David Jiricek
Penalty Shots
Conor Geekie, Clark Bishop, Henri Nikkanen, Rasmus Kupari, Zachary Bolduc

Scratches
Samuel Honzek (Healthy), Austin Strand (Healthy), Ashton Sautner (Healthy), Artyom Levshunov (Healthy), Axel Sandin-Pellikka (Healthy)
Sam Bitten (Healthy), Fabian Lysell (Left Hand Injury), Rutger McGroarty (Healthy), Mark Senden (Healthy), Brandon Halverson (Healthy)
Ken Appleby (Healthy), Magnus Hellberg (Healthy)

LIMOILOU WOLF PACK

5 vs 5 Forward 
   Center                   Left Wing                Right Wing               Time % Phy DF OF 
 1 Jeff Malott              Oskar Pettersson         Akil Thomas              36     1   2  2  
 2 Philippe Daoust          Colton Dach              Nicolas Aube-Kubel       31     1   2  2  
 3 Jacob Perreault          Jeff Malott              Dominik Shine            23     1   2  2  
 4 Oskar Pettersson         Brendan Brisson          Philippe Daoust          10     1   2  2  

5 vs 5 Defense 
   Defense                  Defense                                           Time % Phy DF OF 
 1 Chad Ruhwedel            Sebastien Aho                                     36     1   2  2  
 2 Nicolas Deslauriers      Aidan Fulp                                        31     1   2  2  
 3 Charlie Wright           Jackson van de Leest                              23     1   2  2  
 4 Cam McDonald             Vincent Sevigny                                   10     1   2  2  

PowerPlay Forward 
   Center                   Left Wing                Right Wing               Time % Phy DF OF 
 1 Jeff Malott              Oskar Pettersson         Akil Thomas              55     1   2  2  
 2 Philippe Daoust          Jacob Perreault          Nicolas Aube-Kubel       45     1   2  2  

PowerPlay Defense
   Defense                  Defense                                           Time % Phy DF OF 
 1 Chad Ruhwedel            Sebastien Aho                                     55     1   2  2  
 2 Nicolas Deslauriers      Aidan Fulp                                        45     1   2  2  

Penalty Kill 4 Players Forward 
   Center                   Wing                     Time % Phy DF OF 
 1 Jeff Malott              Philippe Daoust          55     1   2  2  
 2 Oskar Pettersson         Akil Thomas              45     1   2  2  

Penalty Kill 4 Players Defense
   Defense                  Defense                  Time % Phy DF OF 
 1 Chad Ruhwedel            Sebastien Aho            55     1   2  2  
 2 Nicolas Deslauriers      Aidan Fulp               45     1   2  2  

Penalty Kill - 3 Players Forward 
   Forward                                           Time % Phy DF OF 
 1 Oskar Pettersson                                  55     1   2  2  
 2 Philippe Daoust                                   45     1   2  2  

Penalty Kill - 3 Players Defense
   Defense                  Defense                  Time % Phy DF OF 
 1 Chad Ruhwedel            Sebastien Aho            55     1   2  2  
 2 Nicolas Deslauriers      Aidan Fulp               45     1   2  2  

4 vs 4 Forward 
   Center                   Wing                     Time % Phy DF OF 
 1 Jeff Malott              Philippe Daoust          55     1   2  2  
 2 Oskar Pettersson         Akil Thomas              45     1   2  2  

4 vs 4 Defense
   Defense                  Defense                  Time % Phy DF OF 
 1 Chad Ruhwedel            Sebastien Aho            55     1   2  2  
 2 Nicolas Deslauriers      Aidan Fulp               45     1   2  2  

Last Minutes Offensive
   Center                   Left Wing                Right Wing               Defense                  Defense                  
   Philippe Daoust          Oskar Pettersson         Akil Thomas              Chad Ruhwedel            Sebastien Aho            

Last Minutes Defensive
   Center                   Left Wing                Right Wing               Defense                  Defense                  
   Philippe Daoust          Oskar Pettersson         Akil Thomas              Chad Ruhwedel            Sebastien Aho            

Goaltenders
Starting : Anton Forsberg           
Backup : Collin Delia             

Extra Forwards
Normal : Jeff Malott, Jacob Perreault, Dominik Shine - PP : Jeff Malott, Jacob Perreault - PK : Dominik Shine
Extra Defensemen
Normal : Charlie Wright, Jackson van de Leest, Cam McDonald - PP : Charlie Wright - PK : Jackson van de Leest, Cam McDonald
Penalty Shots
Nicolas Deslauriers, Philippe Daoust, Oskar Pettersson, Akil Thomas, Jeff Malott

Scratches
Arthur Kaliyev (Strained Left Knee Injury), Lukas Fischer (Healthy), Vinni Lettieri (Strained Left Elbow Injury), Malcolm Subban (Healthy)

% Time on Ice - TROIS-RIVIERES DRAVEURS

Lines # - Real PCT - Wanted PCT - Time Play
Normal Forward
1 - 33% - 30% - 15:16
2 - 41% - 30% - 18:34
3 - 16% - 30% - 7:30
4 - 9% - 10% - 4:20
Normal Defense
1 - 37% - 30% - 16:55
2 - 36% - 30% - 16:39
3 - 6% - 30% - 2:36
4 - 21% - 10% - 9:30
PP Forward
1 - 55% - 55% - 3:30
2 - 45% - 45% - 2:54
PP Defense
1 - 37% - 55% - 2:22
2 - 63% - 45% - 4:02
PK Forward
1 - 69% - 55% - 4:06
2 - 31% - 45% - 1:51
PK Defense
1 - 50% - 55% - 2:59
2 - 50% - 45% - 2:58
PK3 Forward
1 - 0% - 55%
2 - 0% - 45%
PK3 Defense
1 - 0% - 55%
2 - 0% - 45%
44 Forward
1 - 41% - 55% - 0:49
2 - 59% - 45% - 1:10
44 Defense
1 - 67% - 55% - 1:20
2 - 33% - 45% - 0:39
Last Minute Offensive  - 0:00
Last Minute Defensive  - 0:00
Total
Forward - 60:00
Defense - 60:00

% Time on Ice - LIMOILOU WOLF PACK

Lines # - Real PCT - Wanted PCT - Time Play
Normal Forward
1 - 22% - 36% - 10:01
2 - 34% - 31% - 15:40
3 - 28% - 23% - 12:49
4 - 16% - 10% - 7:10
Normal Defense
1 - 31% - 36% - 14:10
2 - 25% - 31% - 11:25
3 - 28% - 23% - 12:53
4 - 16% - 10% - 7:12
PP Forward
1 - 57% - 55% - 3:22
2 - 43% - 45% - 2:35
PP Defense
1 - 53% - 55% - 3:09
2 - 47% - 45% - 2:48
PK Forward
1 - 57% - 55% - 3:39
2 - 43% - 45% - 2:45
PK Defense
1 - 51% - 55% - 3:17
2 - 49% - 45% - 3:07
PK3 Forward
1 - 0% - 55%
2 - 0% - 45%
PK3 Defense
1 - 0% - 55%
2 - 0% - 45%
44 Forward
1 - 48% - 55% - 0:57
2 - 52% - 45% - 1:02
44 Defense
1 - 48% - 55% - 0:57
2 - 52% - 45% - 1:02
Last Minute Offensive  - 0:00
Last Minute Defensive  - 0:00
Total
Forward - 60:00
Defense - 60:00

Play-by-Play

1st period


0:01 of 1st period - Zachary Bolduc wins face-off versus Jeff Malott in neutral zone.
0:21 of 1st period - Icing by Zachary Bolduc.
0:22 of 1st period - Zachary Bolduc wins face-off versus Philippe Daoust in TROIS-RIVIERES DRAVEURS zone.
0:24 of 1st period - Icing by Rasmus Kupari.
0:25 of 1st period - Zachary Bolduc wins face-off versus Philippe Daoust in TROIS-RIVIERES DRAVEURS zone.
0:25 of 1st period - Nate Danielson is hit by Colton Dach and loses puck.
0:33 of 1st period - Rasmus Kupari is hit by Jackson van de Leest and loses puck.
0:53 of 1st period - Shot by Philippe Daoust.
0:53 of 1st period - Stopped by Dustin Tokarski with a rebound.
1:10 of 1st period - Philippe Daoust is hit by Ryan O'Rourke and loses puck.
1:20 of 1st period - Off-side.
1:21 of 1st period - Hendrix Lapierre wins face-off versus Jacob Perreault in neutral zone.
1:42 of 1st period - Shot by Jimmy Snuggerud.
1:42 of 1st period - Deflect By Conor Geekie.
1:42 of 1st period - Stopped by Anton Forsberg without a rebound.
1:43 of 1st period - Jeff Malott wins face-off versus Zachary Bolduc in LIMOILOU WOLF PACK zone.
1:43 of 1st period - Jeff Malott is hit by Zachary Bolduc.
1:44 of 1st period - Minor Penalty to Conor Geekie for Hooking.
1:45 of 1st period - Oskar Pettersson wins face-off versus Henri Nikkanen in TROIS-RIVIERES DRAVEURS zone.
2:06 of 1st period - Shot by Akil Thomas.
2:06 of 1st period - Shot Misses the Net.
2:08 of 1st period - Shot by Jeff Malott.
2:08 of 1st period - Shot Blocked by Tyler Wotherspoon.
2:12 of 1st period - Shot by Akil Thomas.
2:12 of 1st period - Shot Blocked by David Jiricek.
2:48 of 1st period - Shot by Philippe Daoust.
2:48 of 1st period - Stopped by Dustin Tokarski without a rebound.
2:49 of 1st period - Philippe Daoust wins face-off versus Zachary Bolduc in TROIS-RIVIERES DRAVEURS zone.
2:50 of 1st period - Shot by Nicolas Aube-Kubel.
2:50 of 1st period - Stopped by Dustin Tokarski without a rebound.
2:51 of 1st period - Jeff Malott wins face-off versus Clark Bishop in TROIS-RIVIERES DRAVEURS zone.
2:54 of 1st period - Shot by Akil Thomas.
2:54 of 1st period - Stopped by Dustin Tokarski with a rebound.
2:56 of 1st period - Shot by Jeff Malott.
2:56 of 1st period - Shot Blocked by Corson Ceulemans.
3:08 of 1st period - Shot by Akil Thomas.
3:08 of 1st period - Stopped by Dustin Tokarski with a rebound.
3:44 of 1st period - Shot by Tyler Wotherspoon.
3:44 of 1st period - Shot Blocked by Cam McDonald.
3:56 of 1st period - Shot by Conor Geekie.
3:56 of 1st period - Stopped by Anton Forsberg without a rebound.
3:57 of 1st period - Philippe Daoust wins face-off versus Zachary Bolduc in LIMOILOU WOLF PACK zone.
4:02 of 1st period - Colton Dach is hit by Nate Danielson and loses puck.
4:08 of 1st period - Icing by Charlie Wright.
4:09 of 1st period - Hendrix Lapierre wins face-off versus Philippe Daoust in LIMOILOU WOLF PACK zone.
4:12 of 1st period - Shot by Conor Geekie.
4:12 of 1st period - Stopped by Anton Forsberg without a rebound.
4:13 of 1st period - Jacob Perreault wins face-off versus Zachary Bolduc in LIMOILOU WOLF PACK zone.
4:13 of 1st period - Jacob Perreault is hit by Conor Geekie.
4:20 of 1st period - Dominik Shine is hit by Nate Danielson and loses puck.
4:25 of 1st period - Shot by Chad Ruhwedel.
4:25 of 1st period - Stopped by Dustin Tokarski without a rebound.
4:26 of 1st period - Oskar Pettersson wins face-off versus Hendrix Lapierre in TROIS-RIVIERES DRAVEURS zone.
4:33 of 1st period - Shot by Philippe Daoust.
4:33 of 1st period - Shot Misses the Net.
4:35 of 1st period - Shot by Cam McDonald.
4:35 of 1st period - Stopped by Dustin Tokarski without a rebound.
4:36 of 1st period - Philippe Daoust wins face-off versus Zachary Bolduc in TROIS-RIVIERES DRAVEURS zone.
5:02 of 1st period - Rasmus Kupari is hit by Sebastien Aho and loses puck.
5:53 of 1st period - Shot by Conor Geekie.
5:53 of 1st period - Shot Misses the Net.
6:40 of 1st period - Dominik Shine is hit by Henri Nikkanen and loses puck.
7:18 of 1st period - Shot by Zachary Bolduc.
7:18 of 1st period - Shot Misses the Net.
7:20 of 1st period - Shot by Ryan O'Rourke.
7:20 of 1st period - Stopped by Anton Forsberg without a rebound.
7:21 of 1st period - Philippe Daoust wins face-off versus Hendrix Lapierre in LIMOILOU WOLF PACK zone.
7:32 of 1st period - Hendrix Lapierre is hit by Chad Ruhwedel and loses puck.
7:42 of 1st period - Nicolas Aube-Kubel is hit by Tyler Wotherspoon and loses puck.
8:17 of 1st period - Off-side.
8:18 of 1st period - Zachary Bolduc wins face-off versus Jacob Perreault in neutral zone.
8:30 of 1st period - Shot by Nate Danielson.
8:30 of 1st period - Shot Blocked by Vincent Sevigny.
8:32 of 1st period - Shot by Zachary Bolduc.
8:32 of 1st period - Goal by Zachary Bolduc - TROIS-RIVIERES DRAVEURS : 1 - LIMOILOU WOLF PACK : 0.
8:33 of 1st period - Zachary Bolduc wins face-off versus Philippe Daoust in neutral zone.
8:40 of 1st period - Shot by Zachary Bolduc.
8:40 of 1st period - Shot Blocked by Jackson van de Leest.
8:42 of 1st period - Shot by Zachary Bolduc.
8:42 of 1st period - Stopped by Anton Forsberg with a rebound.
8:44 of 1st period - Shot by Rasmus Kupari.
8:44 of 1st period - Goal by Rasmus Kupari - TROIS-RIVIERES DRAVEURS : 2 - LIMOILOU WOLF PACK : 0.
8:45 of 1st period - Jacob Perreault wins face-off versus Zachary Bolduc in neutral zone.
9:05 of 1st period - Shot by Zachary Bolduc.
9:05 of 1st period - Shot Misses the Net.
9:24 of 1st period - Icing by Tyler Wotherspoon.
9:25 of 1st period - Zachary Bolduc wins face-off versus Philippe Daoust in TROIS-RIVIERES DRAVEURS zone.
10:04 of 1st period - Shot by Jimmy Snuggerud.
10:04 of 1st period - Stopped by Anton Forsberg without a rebound.
10:05 of 1st period - Clark Bishop wins face-off versus Jeff Malott in LIMOILOU WOLF PACK zone.
10:05 of 1st period - Clark Bishop is hit by Jackson van de Leest.
10:25 of 1st period - Clark Bishop is hit by Jackson van de Leest and loses puck.
10:53 of 1st period - Icing by Sebastien Aho.
10:54 of 1st period - Jacob Perreault wins face-off versus Jimmy Snuggerud in LIMOILOU WOLF PACK zone.
11:16 of 1st period - Minor Penalty to Henri Nikkanen for Hooking.
11:17 of 1st period - Philippe Daoust wins face-off versus Clark Bishop in TROIS-RIVIERES DRAVEURS zone.
11:34 of 1st period - Off-side.
11:35 of 1st period - Jeff Malott wins face-off versus Clark Bishop in neutral zone.
11:38 of 1st period - Shot by Akil Thomas.
11:38 of 1st period - Stopped by Dustin Tokarski without a rebound.
11:39 of 1st period - Clark Bishop wins face-off versus Jeff Malott in TROIS-RIVIERES DRAVEURS zone.
12:06 of 1st period - Shot by Akil Thomas.
12:06 of 1st period - Shot Misses the Net.
12:25 of 1st period - Shot by Conor Geekie.
12:25 of 1st period - Shot Misses the Net.
12:27 of 1st period - Shot by Tyler Wotherspoon.
12:27 of 1st period - Shot Misses the Net.
12:29 of 1st period - Shot by Cedric Pare.
12:29 of 1st period - Stopped by Anton Forsberg with a rebound.
12:57 of 1st period - Shot by Jacob Perreault.
12:57 of 1st period - Shot Misses the Net.
13:06 of 1st period - Icing by Philippe Daoust.
13:07 of 1st period - Philippe Daoust wins face-off versus Cedric Pare in LIMOILOU WOLF PACK zone.
13:15 of 1st period - Shot by Nicolas Deslauriers.
13:15 of 1st period - Stopped by Dustin Tokarski without a rebound.
13:16 of 1st period - Philippe Daoust wins face-off versus Zachary Bolduc in TROIS-RIVIERES DRAVEURS zone.
13:42 of 1st period - Shot by Zachary Bolduc.
13:42 of 1st period - Shot Blocked by Charlie Wright.
13:56 of 1st period - Shot by Jimmy Snuggerud.
13:56 of 1st period - Shot Misses the Net.
14:57 of 1st period - Nate Danielson is hit by Nicolas Deslauriers and loses puck.
15:58 of 1st period - Akil Thomas is hit by Henri Nikkanen and loses puck.
16:23 of 1st period - Shot by Clark Bishop.
16:23 of 1st period - Shot Misses the Net.
16:25 of 1st period - Shot by Tyler Wotherspoon.
16:25 of 1st period - Stopped by Anton Forsberg with a rebound.
16:27 of 1st period - Shot by Tyler Wotherspoon.
16:27 of 1st period - Deflect By Conor Geekie.
16:27 of 1st period - Shot Blocked by Vincent Sevigny.
16:29 of 1st period - Shot by Rasmus Kupari.
16:29 of 1st period - Shot Misses the Net.
16:31 of 1st period - Shot by Clark Bishop.
16:31 of 1st period - Stopped by Anton Forsberg without a rebound.
16:32 of 1st period - Zachary Bolduc wins face-off versus Jacob Perreault in LIMOILOU WOLF PACK zone.
16:47 of 1st period - Shot by Zachary Bolduc.
16:47 of 1st period - Deflect By Nate Danielson.
16:47 of 1st period - Shot Misses the Net.
16:53 of 1st period - Shot by Zachary Bolduc.
16:53 of 1st period - Shot Misses the Net.
16:55 of 1st period - Shot by David Reinbacher.
16:55 of 1st period - Shot Misses the Net.
16:57 of 1st period - Shot by Zachary Bolduc.
16:57 of 1st period - Shot Misses the Net.
17:29 of 1st period - Shot by Cedric Pare.
17:29 of 1st period - Shot Misses the Net.
17:46 of 1st period - Conor Geekie is hit by Dominik Shine and loses puck.
17:53 of 1st period - Charlie Wright is hit by Cedric Pare and loses puck.
18:04 of 1st period - Shot by Zachary Bolduc.
18:04 of 1st period - Deflect By Rasmus Kupari.
18:04 of 1st period - Stopped by Anton Forsberg without a rebound.
18:05 of 1st period - Zachary Bolduc wins face-off versus Jeff Malott in LIMOILOU WOLF PACK zone.
18:06 of 1st period - Shot by Rasmus Kupari.
18:06 of 1st period - Stopped by Anton Forsberg with a rebound.
18:08 of 1st period - Shot by Rasmus Kupari.
18:08 of 1st period - Shot Misses the Net.
18:16 of 1st period - Akil Thomas is hit by Henri Nikkanen and loses puck.
18:30 of 1st period - Icing by Sebastien Aho.
18:31 of 1st period - Hendrix Lapierre wins face-off versus Jeff Malott in LIMOILOU WOLF PACK zone.
19:56 of 1st period - Minor Penalty to Vincent Sevigny for Hooking.
19:57 of 1st period - Conor Geekie wins face-off versus Akil Thomas in LIMOILOU WOLF PACK zone.
Goals for this period are 2 for TROIS-RIVIERES DRAVEURS vs 0 for LIMOILOU WOLF PACK.
Shots for this period are 13 for TROIS-RIVIERES DRAVEURS vs 9 for LIMOILOU WOLF PACK.

2nd period


0:01 of 2nd period - Jeff Malott wins face-off versus Zachary Bolduc in neutral zone.
0:12 of 2nd period - Shot by Zachary Bolduc.
0:12 of 2nd period - Stopped by Anton Forsberg without a rebound.
0:13 of 2nd period - Jeff Malott wins face-off versus Henri Nikkanen in LIMOILOU WOLF PACK zone.
0:37 of 2nd period - Rasmus Kupari is hit by Chad Ruhwedel and loses puck.
0:48 of 2nd period - Shot by Rasmus Kupari.
0:48 of 2nd period - Shot Misses the Net.
1:28 of 2nd period - Shot by Zachary Bolduc.
1:28 of 2nd period - Shot Blocked by Nicolas Deslauriers.
1:30 of 2nd period - Shot by Corson Ceulemans.
1:30 of 2nd period - Stopped by Anton Forsberg without a rebound.
1:31 of 2nd period - Conor Geekie wins face-off versus Jeff Malott in LIMOILOU WOLF PACK zone.
1:32 of 2nd period - Shot by Rasmus Kupari.
1:32 of 2nd period - Stopped by Anton Forsberg without a rebound.
1:33 of 2nd period - Conor Geekie wins face-off versus Jeff Malott in LIMOILOU WOLF PACK zone.
1:48 of 2nd period - Shot by Rasmus Kupari.
1:48 of 2nd period - Stopped by Anton Forsberg without a rebound.
1:49 of 2nd period - Oskar Pettersson wins face-off versus Zachary Bolduc in LIMOILOU WOLF PACK zone.
1:49 of 2nd period - Akil Thomas is hit by Zachary Bolduc.
2:01 of 2nd period - Shot by Jimmy Snuggerud.
2:01 of 2nd period - Stopped by Anton Forsberg without a rebound.
2:02 of 2nd period - Zachary Bolduc wins face-off versus Jeff Malott in LIMOILOU WOLF PACK zone.
2:56 of 2nd period - Shot by Conor Geekie.
2:56 of 2nd period - Shot Misses the Net.
3:00 of 2nd period - Shot by Conor Geekie.
3:00 of 2nd period - Shot Misses the Net.
3:02 of 2nd period - Shot by Conor Geekie.
3:02 of 2nd period - Shot Misses the Net.
3:04 of 2nd period - Shot by Hendrix Lapierre.
3:04 of 2nd period - Goal by Hendrix Lapierre - TROIS-RIVIERES DRAVEURS : 3 - LIMOILOU WOLF PACK : 0.
3:05 of 2nd period - Hendrix Lapierre wins face-off versus Philippe Daoust in neutral zone.
3:18 of 2nd period - Shot by Conor Geekie.
3:18 of 2nd period - Stopped by Anton Forsberg without a rebound.
3:19 of 2nd period - Nicolas Aube-Kubel wins face-off versus Zachary Bolduc in LIMOILOU WOLF PACK zone.
3:24 of 2nd period - Nicolas Deslauriers is hit by Conor Geekie and loses puck.
3:36 of 2nd period - Shot by Zachary Bolduc.
3:36 of 2nd period - Shot Misses the Net.
3:42 of 2nd period - Shot by Zachary Bolduc.
3:42 of 2nd period - Deflect By Nate Danielson.
3:42 of 2nd period - Shot Misses the Net.
3:50 of 2nd period - Shot by Philippe Daoust.
3:50 of 2nd period - Shot Misses the Net.
4:17 of 2nd period - Sebastien Aho is hit by Henri Nikkanen and loses puck.
4:23 of 2nd period - Icing by Sebastien Aho.
4:24 of 2nd period - Clark Bishop wins face-off versus Jacob Perreault in LIMOILOU WOLF PACK zone.
4:25 of 2nd period - Shot by Rasmus Kupari.
4:25 of 2nd period - Shot Misses the Net.
4:43 of 2nd period - Shot by Jacob Perreault.
4:43 of 2nd period - Stopped by Dustin Tokarski without a rebound.
4:44 of 2nd period - Jeff Malott wins face-off versus Zachary Bolduc in TROIS-RIVIERES DRAVEURS zone.
5:11 of 2nd period - Shot by Jeff Malott.
5:11 of 2nd period - Stopped by Dustin Tokarski without a rebound.
5:12 of 2nd period - Oskar Pettersson wins face-off versus Hendrix Lapierre in TROIS-RIVIERES DRAVEURS zone.
5:27 of 2nd period - Shot by Philippe Daoust.
5:27 of 2nd period - Deflect By Oskar Pettersson.
5:27 of 2nd period - Shot Misses the Net.
5:45 of 2nd period - Shot by Oskar Pettersson.
5:45 of 2nd period - Stopped by Dustin Tokarski without a rebound.
5:46 of 2nd period - Jacob Perreault wins face-off versus Zachary Bolduc in TROIS-RIVIERES DRAVEURS zone.
5:55 of 2nd period - Shot by Jeff Malott.
5:55 of 2nd period - Deflect By Jacob Perreault.
5:55 of 2nd period - Stopped by Dustin Tokarski without a rebound.
5:56 of 2nd period - Philippe Daoust wins face-off versus Zachary Bolduc in TROIS-RIVIERES DRAVEURS zone.
6:17 of 2nd period - Shot by Rasmus Kupari.
6:17 of 2nd period - Shot Misses the Net.
6:23 of 2nd period - Shot by Colton Dach.
6:23 of 2nd period - Shot Misses the Net.
6:38 of 2nd period - Icing by Vincent Sevigny.
6:39 of 2nd period - Philippe Daoust wins face-off versus Hendrix Lapierre in LIMOILOU WOLF PACK zone.
6:39 of 2nd period - Philippe Daoust is hit by Conor Geekie.
7:08 of 2nd period - Shot by Jeff Malott.
7:08 of 2nd period - Stopped by Dustin Tokarski without a rebound.
7:09 of 2nd period - Jacob Perreault wins face-off versus Zachary Bolduc in TROIS-RIVIERES DRAVEURS zone.
7:17 of 2nd period - Shot by Zachary Bolduc.
7:17 of 2nd period - Shot Misses the Net.
7:19 of 2nd period - Shot by Tyler Wotherspoon.
7:19 of 2nd period - Stopped by Anton Forsberg without a rebound.
7:20 of 2nd period - Hendrix Lapierre wins face-off versus Jeff Malott in LIMOILOU WOLF PACK zone.
7:32 of 2nd period - Off-side.
7:33 of 2nd period - Jacob Perreault wins face-off versus Zachary Bolduc in neutral zone.
7:36 of 2nd period - Shot by Dominik Shine.
7:36 of 2nd period - Stopped by Dustin Tokarski without a rebound.
7:37 of 2nd period - Jeff Malott wins face-off versus Zachary Bolduc in TROIS-RIVIERES DRAVEURS zone.
7:56 of 2nd period - Shot by Akil Thomas.
7:56 of 2nd period - Shot Misses the Net.
7:57 of 2nd period - Minor Penalty to Akil Thomas for Roughing.
7:58 of 2nd period - Conor Geekie wins face-off versus Jeff Malott in LIMOILOU WOLF PACK zone.
8:14 of 2nd period - Shot by Rasmus Kupari.
8:14 of 2nd period - Stopped by Anton Forsberg without a rebound.
8:15 of 2nd period - Oskar Pettersson wins face-off versus Zachary Bolduc in LIMOILOU WOLF PACK zone.
8:33 of 2nd period - Shot by Clark Bishop.
8:33 of 2nd period - Shot Misses the Net.
8:43 of 2nd period - Shot by Nate Danielson.
8:43 of 2nd period - Stopped by Anton Forsberg without a rebound.
8:44 of 2nd period - Conor Geekie wins face-off versus Jeff Malott in LIMOILOU WOLF PACK zone.
8:47 of 2nd period - Shot by Conor Geekie.
8:47 of 2nd period - Deflect By Rasmus Kupari.
8:47 of 2nd period - Shot Blocked by Jeff Malott.
8:58 of 2nd period - Icing by Conor Geekie.
8:59 of 2nd period - Conor Geekie wins face-off versus Jeff Malott in TROIS-RIVIERES DRAVEURS zone.
9:08 of 2nd period - Shot by Conor Geekie.
9:08 of 2nd period - Stopped by Anton Forsberg without a rebound.
9:09 of 2nd period - Oskar Pettersson wins face-off versus Zachary Bolduc in LIMOILOU WOLF PACK zone.
9:20 of 2nd period - Shot by Zachary Bolduc.
9:20 of 2nd period - Shot Misses the Net.
9:22 of 2nd period - Shot by Nate Danielson.
9:22 of 2nd period - Stopped by Anton Forsberg with a rebound.
9:24 of 2nd period - Shot by Corson Ceulemans.
9:24 of 2nd period - Shot Misses the Net.
9:26 of 2nd period - Shot by Zachary Bolduc.
9:26 of 2nd period - Stopped by Anton Forsberg without a rebound.
9:27 of 2nd period - Oskar Pettersson wins face-off versus Conor Geekie in LIMOILOU WOLF PACK zone.
9:27 of 2nd period - Oskar Pettersson is hit by Henri Nikkanen.
9:51 of 2nd period - Shot by Conor Geekie.
9:51 of 2nd period - Stopped by Anton Forsberg with a rebound.
9:53 of 2nd period - Shot by Conor Geekie.
9:53 of 2nd period - Stopped by Anton Forsberg with a rebound.
9:55 of 2nd period - Shot by Conor Geekie.
9:55 of 2nd period - Shot Misses the Net.
9:57 of 2nd period - Shot by Rasmus Kupari.
9:57 of 2nd period - Shot Misses the Net.
9:59 of 2nd period - Shot by David Jiricek.
9:59 of 2nd period - Stopped by Anton Forsberg without a rebound.
10:00 of 2nd period - Zachary Bolduc wins face-off versus Philippe Daoust in LIMOILOU WOLF PACK zone.
10:23 of 2nd period - Shot by Colton Dach.
10:23 of 2nd period - Shot Misses the Net.
10:25 of 2nd period - Shot by Colton Dach.
10:25 of 2nd period - Deflect By Philippe Daoust.
10:25 of 2nd period - Stopped by Dustin Tokarski with a rebound.
10:27 of 2nd period - Shot by Colton Dach.
10:27 of 2nd period - Stopped by Dustin Tokarski without a rebound.
10:28 of 2nd period - Jeff Malott wins face-off versus Hendrix Lapierre in TROIS-RIVIERES DRAVEURS zone.
10:45 of 2nd period - Shot by Oskar Pettersson.
10:45 of 2nd period - Shot Misses the Net.
10:52 of 2nd period - Icing by Tyler Wotherspoon.
10:53 of 2nd period - Philippe Daoust wins face-off versus Hendrix Lapierre in TROIS-RIVIERES DRAVEURS zone.
12:13 of 2nd period - Shot by Jimmy Snuggerud.
12:13 of 2nd period - Shot Blocked by Chad Ruhwedel.
12:57 of 2nd period - Shot by Brendan Brisson.
12:57 of 2nd period - Stopped by Dustin Tokarski without a rebound.
12:58 of 2nd period - Alex Suzdalev wins face-off versus Clark Bishop in TROIS-RIVIERES DRAVEURS zone.
13:15 of 2nd period - Shot by Nicolas Aube-Kubel.
13:15 of 2nd period - Stopped by Dustin Tokarski without a rebound.
13:16 of 2nd period - Zachary Bolduc wins face-off versus Oskar Pettersson in TROIS-RIVIERES DRAVEURS zone.
13:25 of 2nd period - Shot by Zachary Bolduc.
13:25 of 2nd period - Deflect By Rasmus Kupari.
13:25 of 2nd period - Shot Misses the Net.
13:39 of 2nd period - Shot by Zachary Bolduc.
13:39 of 2nd period - Shot Misses the Net.
13:41 of 2nd period - Shot by Rasmus Kupari.
13:41 of 2nd period - Stopped by Anton Forsberg without a rebound.
13:42 of 2nd period - Jacob Perreault wins face-off versus Jimmy Snuggerud in LIMOILOU WOLF PACK zone.
13:47 of 2nd period - Shot by Jimmy Snuggerud.
13:47 of 2nd period - Shot Misses the Net.
14:08 of 2nd period - Shot by Nicolas Aube-Kubel.
14:08 of 2nd period - Stopped by Dustin Tokarski without a rebound.
14:09 of 2nd period - Zachary Bolduc wins face-off versus Jeff Malott in TROIS-RIVIERES DRAVEURS zone.
14:51 of 2nd period - Rasmus Kupari is hit by Colton Dach and loses puck.
15:04 of 2nd period - Shot by Jimmy Snuggerud.
15:04 of 2nd period - Stopped by Anton Forsberg without a rebound.
15:05 of 2nd period - Oskar Pettersson wins face-off versus Hendrix Lapierre in LIMOILOU WOLF PACK zone.
15:05 of 2nd period - Oskar Pettersson is hit by Jimmy Snuggerud.
15:16 of 2nd period - Shot by Conor Geekie.
15:16 of 2nd period - Shot Misses the Net.
15:18 of 2nd period - Shot by Conor Geekie.
15:18 of 2nd period - Stopped by Anton Forsberg without a rebound.
15:19 of 2nd period - Jacob Perreault wins face-off versus Hendrix Lapierre in LIMOILOU WOLF PACK zone.
15:50 of 2nd period - Conor Geekie is hit by Nicolas Deslauriers and loses puck.
16:58 of 2nd period - Shot by Brendan Brisson.
16:58 of 2nd period - Stopped by Dustin Tokarski without a rebound.
16:59 of 2nd period - Henri Nikkanen wins face-off versus Brendan Brisson in TROIS-RIVIERES DRAVEURS zone.
16:59 of 2nd period - Henri Nikkanen is hit by Brendan Brisson.
17:17 of 2nd period - Shot by Clark Bishop.
17:17 of 2nd period - Shot Misses the Net.
17:19 of 2nd period - Shot by Clark Bishop.
17:19 of 2nd period - Shot Misses the Net.
17:21 of 2nd period - Shot by Ryan Chesley.
17:21 of 2nd period - Shot Misses the Net.
17:42 of 2nd period - Off-side.
17:43 of 2nd period - Jacob Perreault wins face-off versus Zachary Bolduc in neutral zone.
17:58 of 2nd period - Shot by Jeff Malott.
17:58 of 2nd period - Shot Blocked by Corson Ceulemans.
18:13 of 2nd period - Jeff Malott is hit by Ryan O'Rourke and loses puck.
18:14 of 2nd period - Minor Penalty to Ryan O'Rourke for Cross-checking.
18:15 of 2nd period - Alex Suzdalev wins face-off versus Henri Nikkanen in TROIS-RIVIERES DRAVEURS zone.
18:36 of 2nd period - Shot by Akil Thomas.
18:36 of 2nd period - Stopped by Dustin Tokarski without a rebound.
18:37 of 2nd period - Henri Nikkanen wins face-off versus Philippe Daoust in TROIS-RIVIERES DRAVEURS zone.
19:08 of 2nd period - Shot by Zachary Bolduc.
19:08 of 2nd period - Stopped by Anton Forsberg without a rebound.
19:09 of 2nd period - Jeff Malott wins face-off versus Clark Bishop in LIMOILOU WOLF PACK zone.
19:35 of 2nd period - Shot by Chad Ruhwedel.
19:35 of 2nd period - Stopped by Dustin Tokarski without a rebound.
19:36 of 2nd period - Philippe Daoust wins face-off versus Clark Bishop in TROIS-RIVIERES DRAVEURS zone.
19:58 of 2nd period - Shot by Philippe Daoust.
19:58 of 2nd period - Stopped by Dustin Tokarski with a rebound.
Goals for this period are 1 for TROIS-RIVIERES DRAVEURS vs 0 for LIMOILOU WOLF PACK.
Shots for this period are 20 for TROIS-RIVIERES DRAVEURS vs 15 for LIMOILOU WOLF PACK.

3rd period


0:01 of 3rd period - Henri Nikkanen wins face-off versus Jeff Malott in neutral zone.
0:08 of 3rd period - Jeff Malott is hit by David Jiricek and loses puck.
0:19 of 3rd period - Shot by Colton Dach.
0:19 of 3rd period - Stopped by Dustin Tokarski without a rebound.
0:20 of 3rd period - Philippe Daoust wins face-off versus Zachary Bolduc in TROIS-RIVIERES DRAVEURS zone.
0:35 of 3rd period - Shot by Nicolas Aube-Kubel.
0:35 of 3rd period - Deflect By Philippe Daoust.
0:35 of 3rd period - Shot Misses the Net.
0:37 of 3rd period - Shot by Nicolas Aube-Kubel.
0:37 of 3rd period - Shot Misses the Net.
0:45 of 3rd period - Shot by Colton Dach.
0:45 of 3rd period - Stopped by Dustin Tokarski with a rebound.
1:34 of 3rd period - Shot by Jimmy Snuggerud.
1:34 of 3rd period - Stopped by Anton Forsberg without a rebound.
1:35 of 3rd period - Jacob Perreault wins face-off versus Clark Bishop in LIMOILOU WOLF PACK zone.
1:35 of 3rd period - Jacob Perreault is hit by Rasmus Kupari.
1:43 of 3rd period - Rasmus Kupari is hit by Dominik Shine and loses puck.
1:58 of 3rd period - Shot by Rasmus Kupari.
1:58 of 3rd period - Shot Misses the Net.
2:00 of 3rd period - Shot by Rasmus Kupari.
2:00 of 3rd period - Stopped by Anton Forsberg with a rebound.
2:02 of 3rd period - Shot by David Reinbacher.
2:02 of 3rd period - Stopped by Anton Forsberg with a rebound.
2:04 of 3rd period - Shot by Conor Geekie.
2:04 of 3rd period - Stopped by Anton Forsberg without a rebound.
2:05 of 3rd period - Oskar Pettersson wins face-off versus Zachary Bolduc in LIMOILOU WOLF PACK zone.
2:54 of 3rd period - Shot by Nicolas Aube-Kubel.
2:54 of 3rd period - Shot Blocked by Zachary Bolduc.
3:01 of 3rd period - Zachary Bolduc is hit by Vincent Sevigny and loses puck.
3:09 of 3rd period - Icing by Colton Dach.
3:10 of 3rd period - Jacob Perreault wins face-off versus Jimmy Snuggerud in LIMOILOU WOLF PACK zone.
3:24 of 3rd period - Jimmy Snuggerud is hit by Vincent Sevigny and loses puck.
3:45 of 3rd period - Icing by Colton Dach.
3:46 of 3rd period - Jacob Perreault wins face-off versus Clark Bishop in LIMOILOU WOLF PACK zone.
3:53 of 3rd period - Off-side.
3:54 of 3rd period - Jeff Malott wins face-off versus Zachary Bolduc in neutral zone.
3:59 of 3rd period - Rasmus Kupari is hit by Jeff Malott and loses puck.
4:27 of 3rd period - Shot by Akil Thomas.
4:27 of 3rd period - Stopped by Dustin Tokarski without a rebound.
4:28 of 3rd period - Hendrix Lapierre wins face-off versus Oskar Pettersson in TROIS-RIVIERES DRAVEURS zone.
4:52 of 3rd period - Shot by Conor Geekie.
4:52 of 3rd period - Shot Misses the Net.
4:54 of 3rd period - Shot by Conor Geekie.
4:54 of 3rd period - Shot Misses the Net.
4:56 of 3rd period - Shot by Jimmy Snuggerud.
4:56 of 3rd period - Shot Misses the Net.
4:58 of 3rd period - Shot by Tyler Wotherspoon.
4:58 of 3rd period - Shot Blocked by Chad Ruhwedel.
5:25 of 3rd period - Nate Danielson is hit by Jackson van de Leest and loses puck.
5:43 of 3rd period - Icing by Charlie Wright.
5:44 of 3rd period - Jeff Malott wins face-off versus Hendrix Lapierre in LIMOILOU WOLF PACK zone.
6:13 of 3rd period - Shot by Conor Geekie.
6:13 of 3rd period - Stopped by Anton Forsberg without a rebound.
6:14 of 3rd period - Philippe Daoust wins face-off versus Zachary Bolduc in LIMOILOU WOLF PACK zone.
6:34 of 3rd period - Shot by Zachary Bolduc.
6:34 of 3rd period - Shot Misses the Net.
7:01 of 3rd period - Icing by Sebastien Aho.
7:02 of 3rd period - Jeff Malott wins face-off versus Hendrix Lapierre in LIMOILOU WOLF PACK zone.
7:11 of 3rd period - Shot by Jeff Malott.
7:11 of 3rd period - Shot Misses the Net.
7:13 of 3rd period - Shot by Chad Ruhwedel.
7:13 of 3rd period - Shot Blocked by Conor Geekie.
7:15 of 3rd period - Shot by Jeff Malott.
7:15 of 3rd period - Shot Misses the Net.
7:17 of 3rd period - Shot by Jeff Malott.
7:17 of 3rd period - Shot Blocked by Tyler Wotherspoon.
7:51 of 3rd period - Shot by Jagger Firkus.
7:51 of 3rd period - Stopped by Anton Forsberg without a rebound.
7:52 of 3rd period - Jacob Perreault wins face-off versus Henri Nikkanen in LIMOILOU WOLF PACK zone.
8:54 of 3rd period - Shot by Jagger Firkus.
8:54 of 3rd period - Shot Misses the Net.
9:05 of 3rd period - Icing by Tyler Wotherspoon.
9:06 of 3rd period - Oskar Pettersson wins face-off versus Clark Bishop in TROIS-RIVIERES DRAVEURS zone.
9:10 of 3rd period - Shot by Sebastien Aho.
9:10 of 3rd period - Shot Blocked by David Reinbacher.
9:12 of 3rd period - Shot by Jeff Malott.
9:12 of 3rd period - Shot Misses the Net.
9:14 of 3rd period - Shot by Akil Thomas.
9:14 of 3rd period - Stopped by Dustin Tokarski without a rebound.
9:15 of 3rd period - Jeff Malott wins face-off versus Zachary Bolduc in TROIS-RIVIERES DRAVEURS zone.
10:01 of 3rd period - Shot by Colton Dach.
10:01 of 3rd period - Stopped by Dustin Tokarski without a rebound.
10:02 of 3rd period - Philippe Daoust wins face-off versus Hendrix Lapierre in TROIS-RIVIERES DRAVEURS zone.
10:02 of 3rd period - Colton Dach is hit by Corson Ceulemans and loses puck.
10:13 of 3rd period - Shot by Hendrix Lapierre.
10:13 of 3rd period - Shot Misses the Net.
10:15 of 3rd period - Shot by Hendrix Lapierre.
10:15 of 3rd period - Stopped by Anton Forsberg without a rebound.
10:16 of 3rd period - Jacob Perreault wins face-off versus Hendrix Lapierre in LIMOILOU WOLF PACK zone.
10:16 of 3rd period - Jacob Perreault is hit by Conor Geekie.
10:21 of 3rd period - Off-side.
10:22 of 3rd period - Oskar Pettersson wins face-off versus Clark Bishop in neutral zone.
10:35 of 3rd period - Shot by Brendan Brisson.
10:35 of 3rd period - Stopped by Dustin Tokarski with a rebound.
10:37 of 3rd period - Shot by Brendan Brisson.
10:37 of 3rd period - Stopped by Dustin Tokarski without a rebound.
10:38 of 3rd period - Jacob Perreault wins face-off versus Zachary Bolduc in TROIS-RIVIERES DRAVEURS zone.
11:04 of 3rd period - Shot by Zachary Bolduc.
11:04 of 3rd period - Stopped by Anton Forsberg without a rebound.
11:05 of 3rd period - Philippe Daoust wins face-off versus Hendrix Lapierre in LIMOILOU WOLF PACK zone.
11:10 of 3rd period - Shot by Philippe Daoust.
11:10 of 3rd period - Shot Misses the Net.
11:24 of 3rd period - Shot by Hendrix Lapierre.
11:24 of 3rd period - Shot Misses the Net.
11:25 of 3rd period - Minor Penalty to Nicolas Deslauriers for Boarding.
11:26 of 3rd period - Oskar Pettersson wins face-off versus Zachary Bolduc in LIMOILOU WOLF PACK zone.
11:52 of 3rd period - Icing by Ryan O'Rourke.
11:53 of 3rd period - Oskar Pettersson wins face-off versus Zachary Bolduc in TROIS-RIVIERES DRAVEURS zone.
12:58 of 3rd period - Akil Thomas is hit by Zachary Bolduc and loses puck.
13:09 of 3rd period - Shot by Zachary Bolduc.
13:09 of 3rd period - Shot Misses the Net.
13:11 of 3rd period - Shot by Tyler Wotherspoon.
13:11 of 3rd period - Shot Misses the Net.
13:13 of 3rd period - Shot by Tyler Wotherspoon.
13:13 of 3rd period - Shot Blocked by Akil Thomas.
13:15 of 3rd period - Shot by Zachary Bolduc.
13:15 of 3rd period - Shot Blocked by Akil Thomas.
13:52 of 3rd period - Shot by Conor Geekie.
13:52 of 3rd period - Shot Misses the Net.
13:54 of 3rd period - Shot by Hendrix Lapierre.
13:54 of 3rd period - Shot Misses the Net.
14:01 of 3rd period - Icing by Charlie Wright.
14:02 of 3rd period - Jacob Perreault wins face-off versus Zachary Bolduc in LIMOILOU WOLF PACK zone.
14:14 of 3rd period - Icing by Zachary Bolduc.
14:15 of 3rd period - Zachary Bolduc wins face-off versus Colton Dach in TROIS-RIVIERES DRAVEURS zone.
14:17 of 3rd period - Minor Penalty to Nicolas Aube-Kubel for Elbowing.
14:17 of 3rd period - Minor Penalty to Corson Ceulemans for Holding.
14:18 of 3rd period - Conor Geekie wins face-off versus Oskar Pettersson in TROIS-RIVIERES DRAVEURS zone.
14:47 of 3rd period - Shot by Akil Thomas.
14:47 of 3rd period - Stopped by Dustin Tokarski with a rebound.
14:49 of 3rd period - Shot by Nicolas Deslauriers.
14:49 of 3rd period - Shot Misses the Net.
14:51 of 3rd period - Shot by Akil Thomas.
14:51 of 3rd period - Deflect By Oskar Pettersson.
14:51 of 3rd period - Shot Misses the Net.
15:48 of 3rd period - Icing by Akil Thomas.
15:49 of 3rd period - Henri Nikkanen wins face-off versus Oskar Pettersson in LIMOILOU WOLF PACK zone.
15:52 of 3rd period - Shot by Ryan O'Rourke.
15:52 of 3rd period - Stopped by Anton Forsberg without a rebound.
15:53 of 3rd period - Jacob Perreault wins face-off versus Henri Nikkanen in LIMOILOU WOLF PACK zone.
16:17 of 3rd period - Shot by Philippe Daoust.
16:17 of 3rd period - Shot Misses the Net.
17:49 of 3rd period - Icing by Corson Ceulemans.
17:50 of 3rd period - Colton Dach wins face-off versus Zachary Bolduc in TROIS-RIVIERES DRAVEURS zone.
17:53 of 3rd period - Shot by Philippe Daoust.
17:53 of 3rd period - Shot Misses the Net.
17:55 of 3rd period - Shot by Nicolas Deslauriers.
17:55 of 3rd period - Shot Blocked by Zachary Bolduc.
19:27 of 3rd period - Shot by Jacob Perreault.
19:27 of 3rd period - Shot Blocked by David Reinbacher.
19:32 of 3rd period - Minor Penalty to Chad Ruhwedel for Tripping.
19:33 of 3rd period - Oskar Pettersson wins face-off versus Henri Nikkanen in LIMOILOU WOLF PACK zone.
19:59 of 3rd period - Shot by Nate Danielson.
19:59 of 3rd period - Shot Blocked by Cam McDonald.
Goals for this period are 0 for TROIS-RIVIERES DRAVEURS vs 0 for LIMOILOU WOLF PACK.
Shots for this period are 9 for TROIS-RIVIERES DRAVEURS vs 8 for LIMOILOU WOLF PACK.